[Event "January 9 Late 2024"]
[Site "https://www.chess.com"]
[Date "2024.01.09"]
[Round "1"]
[White "Feliz Dotel, Dewar Bienvenido"]
[Black "Brunner, Nicolas"]
[Result "0-1"]
[Board "217"]
[TimeControl "180+1"]
[WhiteFideId "6402801"]
[BlackFideId "620246"]
[WhiteElo "2164"]
[BlackElo "2575"]
[WhiteTeam "DOM"]
[BlackTeam "FRA"]
[WhiteClock "0:00:00"]
[BlackClock "0:00:03"]

1. Nf3 c5 2. g3 Nc6 3. d4 cxd4 4. Nxd4 g6 5. Bg2 Bg7 6. Nxc6 bxc6 7. e4 d6 8. O-O Rb8 9. c3 Nf6 10. e5 Nd5 11. exd6 Qxd6 12. Bxd5 cxd5 13. Qa4+ Bd7 14. Qxa7 O-O 15. Nd2 Bh3 16. Re1 e5 17. Nb3 d4 18. Qc5 Qxc5 19. Nxc5 Rfc8 20. Ne4 h6 21. cxd4 exd4 22. b3 d3 23. Bf4 Ra8 24. Rac1 Rxc1 25. Rxc1 Rxa2 26. Nd2 g5 27. Be3 Bc3 28. Ne4 d2 29. Rd1 Bb4 30. f3 Rb2 31. Bxd2 Rxb3 32. Bxb4 Rxb4 33. Nf6+ Kg7 34. Nd5 Rb2 0-1

[Event "January 9 Late 2024"]
[Site "https://www.chess.com"]
[Date "2024.01.09"]
[Round "1"]
[White "Tulchynskyi, Feliks"]
[Black "Ivanov, Aleksandr"]
[Result "1-0"]
[Board "218"]
[TimeControl "180+1"]
[WhiteFideId "34127895"]
[BlackFideId "2092980"]
[WhiteElo "2573"]
[BlackElo "2151"]
[WhiteTeam "UKR"]
[BlackTeam "USA"]
[WhiteClock "0:01:07"]
[BlackClock "0:00:21"]

1. c4 e6 2. Nc3 d5 3. d4 c6 4. e3 Nf6 5. Bd3 Nbd7 6. Nf3 dxc4 7. Bxc4 b5 8. Bd3 a6 9. O-O c5 10. a4 b4 11. Ne4 Bb7 12. Nxc5 Nxc5 13. dxc5 Bxc5 14. Be2 O-O 15. Nd4 Bxd4 16. exd4 h6 17. Bf4 Rc8 18. Be5 a5 19. Qd3 Nd5 20. Bg4 Qg5 21. Qg3 h5 22. Bd1 Qxg3 23. hxg3 Rc4 24. Bb3 Rcc8 25. Rfc1 Rfd8 26. Rxc8 Rxc8 27. Bd6 g6 28. Bc5 Kg7 29. Re1 Kf6 30. f3 Ra8 31. Rc1 Ra6 32. Kf2 Rc6 33. Re1 Ra6 34. Bc4 Ra8 35. Bb5 Ba6 36. Ra1 Nc7 37. Bc6 Rb8 38. Rc1 Nd5 39. Bd6 Rb6 40. Rc5 Ne7 41. Be5+ Kf5 42. Be4+ Kg5 43. Bc7+ f5 44. Bxb6 1-0

[Event "January 9 Late 2024"]
[Site "https://www.chess.com"]
[Date "2024.01.09"]
[Round "1"]
[White "Kokoszczynski, Jan"]
[Black "Jing, Andrew"]
[Result "1/2-1/2"]
[Board "220"]
[TimeControl "180+1"]
[WhiteFideId "1174460"]
[BlackFideId "30984076"]
[WhiteElo "2571"]
[BlackElo "2146"]
[WhiteTeam "POL"]
[BlackTeam "USA"]
[WhiteClock "0:00:27"]
[BlackClock "0:01:35"]

1. c4 Nf6 2. Nc3 g6 3. Nf3 Bg7 4. e4 d6 5. d4 O-O 6. Be2 e5 7. dxe5 dxe5 8. Qxd8 Rxd8 9. Bg5 Re8 10. O-O-O c6 11. h3 Nbd7 12. Be3 Bf8 13. Na4 h6 14. Nd2 b6 15. f3 Ba6 16. Rhe1 Rad8 17. Bf1 Kg7 18. Kc2 Ng8 19. a3 Ne7 20. b4 Nc8 21. Nb1 Nd6 22. Nb2 f5 23. exf5 Nxf5 24. Bf2 c5 25. b5 Bb7 26. Nc3 Nd4+ 27. Kb1 Nf6 28. Bd3 Bd6 29. Ne4 Nxe4 30. Bxe4 Bxe4+ 31. Rxe4 Bc7 32. Bxd4 exd4 33. Rde1 Rxe4 34. Rxe4 Kf6 35. Kc2 Kf7 36. Kd3 Re8 37. Rxe8 Kxe8 38. Ke4 Kd7 39. Kd5 Bf4 40. Nd3 Bg3 41. a4 h5 42. a5 h4 43. a6 Bc7 44. Nb2 g5 45. Nd3 Bg3 46. Nb2 Bc7 47. Nd1 Bg3 48. Nb2 Bc7 1/2-1/2

[Event "January 9 Late 2024"]
[Site "https://www.chess.com"]
[Date "2024.01.10"]
[Round "1"]
[White "Floresvillar Gonzalez, Luis Migu"]
[Black "Olsson, William"]
[Result "0-1"]
[Board "221"]
[TimeControl "180+1"]
[WhiteFideId "5100542"]
[BlackFideId "1741721"]
[WhiteElo "2138"]
[BlackElo "2570"]
[WhiteTeam "MEX"]
[BlackTeam "SWE"]
[WhiteClock "0:00:23"]
[BlackClock "0:01:12"]

1. e4 c5 2. d4 cxd4 3. c3 dxc3 4. Nxc3 Nc6 5. Bc4 g6 6. Nf3 Bg7 7. h4 Nf6 8. Qe2 d6 9. Bg5 h6 10. Bf4 Bg4 11. Rd1 Qa5 12. O-O O-O 13. Nd5 Nd7 14. b4 Qd8 15. b5 Nce5 16. Bb3 Nxf3+ 17. gxf3 Bh5 18. Qe3 e6 19. Nb4 Qxh4 20. Rxd6 Ne5 21. Bg3 Qh3 22. Bxe5 Bxe5 23. f4 Qxe3 24. fxe3 Bxd6 25. Nd3 Be2 26. e5 Bxd3 27. Rd1 Bc5 28. Rxd3 Rfd8 29. Rc3 Bb6 30. Kf2 Rac8 31. Rxc8 Rxc8 32. Kf3 Rc3 33. Kg4 Rxe3 34. f5 exf5+ 35. Kh4 0-1

[Event "January 9 Late 2024"]
[Site "https://www.chess.com"]
[Date "2024.01.09"]
[Round "1"]
[White "Yagupov, Igor"]
[Black "Ottosen, David"]
[Result "1-0"]
[Board "222"]
[TimeControl "180+1"]
[WhiteFideId "4113632"]
[BlackFideId "2603080"]
[WhiteElo "2570"]
[BlackElo "2138"]
[WhiteTeam "RUS"]
[BlackTeam "CAN"]
[WhiteClock "0:00:54"]
[BlackClock "0:01:40"]

1. e4 e6 2. d4 d5 3. Nc3 Bb4 4. e5 c5 5. a3 Bxc3+ 6. bxc3 Ne7 7. Qg4 Qc7 8. Qxg7 Rg8 9. Qxh7 cxd4 10. Ne2 Nbc6 11. f4 dxc3 12. h4 Bd7 13. h5 O-O-O 14. Qd3 Rh8 15. g4 Rdg8 16. g5 Nf5 17. Qxc3 d4 18. Qc5 b6 19. Qc4 Na5 20. Qxc7+ Kxc7 21. Bb2 Bc6 22. Rh3 Ne3 23. Nxd4 Nxf1 24. Kxf1 Nc4 25. Nxc6 Kxc6 26. Bc3 b5 27. a4 bxa4 28. Rxa4 Nb6 29. Rxa7 Nd5 30. Bd2 Rb8 31. Rxf7 Rb2 32. g6 Rxc2 33. g7 Rg8 34. Be1 Nxf4 35. Rxf4 Rxg7 36. Rc3+ Rxc3 37. Bxc3 Kd5 38. h6 Rh7 39. Rh4 Kc5 40. Kg2 1-0

[Event "January 9 Late 2024"]
[Site "https://www.chess.com"]
[Date "2024.01.09"]
[Round "1"]
[White "Petersson, Kjell"]
[Black "Sowa, Ryan"]
[Result "0-1"]
[Board "223"]
[TimeControl "180+1"]
[WhiteFideId "1705148"]
[BlackFideId "30901693"]
[WhiteElo "2135"]
[BlackElo "2569"]
[WhiteTeam "SWE"]
[BlackTeam "USA"]
[WhiteClock "0:00:21"]
[BlackClock "0:01:57"]

1. d4 b6 2. Nf3 Bb7 3. Bf4 Nf6 4. Nbd2 g6 5. c3 c5 6. e3 Bg7 7. Bd3 O-O 8. h3 d6 9. O-O Nbd7 10. e4 Qc7 11. e5 dxe5 12. Nxe5 Nh5 13. Bh2 Nxe5 14. dxe5 Bxe5 15. Bxe5 Qxe5 16. Nf3 Qc7 17. Re1 Rad8 18. Qb1 Bxf3 19. gxf3 Nf4 20. Bf1 Rde8 21. Qe4 e5 22. a4 Re7 23. a5 Qc8 24. Kh2 Rd8 25. axb6 axb6 26. Ra6 Re6 27. Ra7 Kg7 28. Bc4 Rf6 29. Bf1 Qf5 30. Qxe5 Qxe5 31. Rxe5 Rd2 32. Kg1 Rxb2 33. Ree7 Rb1 34. Re4 Nxh3+ 35. Kg2 Nf4+ 36. Kg1 Rc1 37. c4 Rf5 38. Rxf4 Rxf4 39. Kg2 Rcxc4 40. Bxc4 Rxc4 41. Rb7 Rb4 42. Kf1 h5 43. Ke2 Rb2+ 44. Ke3 b5 45. Kf4 c4 0-1

[Event "January 9 Late 2024"]
[Site "https://www.chess.com"]
[Date "2024.01.09"]
[Round "1"]
[White "Bellahcene, Bilel"]
[Black "Aung Thant Zin"]
[Result "1-0"]
[Board "224"]
[TimeControl "180+1"]
[WhiteFideId "696358"]
[BlackFideId "13000063"]
[WhiteElo "2569"]
[BlackElo "2133"]
[WhiteTeam "ALG"]
[BlackTeam "MYA"]
[WhiteClock "0:00:56"]
[BlackClock "0:01:02"]

1. e4 c5 2. Nf3 Nc6 3. b4 Nxb4 4. c3 Nc6 5. d4 cxd4 6. cxd4 d5 7. exd5 Qxd5 8. Nc3 Qa5 9. d5 Qxc3+ 10. Bd2 Qf6 11. dxc6 bxc6 12. Rc1 e5 13. Bd3 Ba3 14. Rc4 Ne7 15. O-O h6 16. Re1 Bd6 17. Bc3 Be6 18. Nxe5 Bxe5 19. Bxe5 Qg5 20. h4 Bxc4 21. hxg5 Rd8 22. Bxg7 Rg8 23. Rxe7+ Kxe7 24. Bf6+ 1-0

[Event "January 9 Late 2024"]
[Site "https://www.chess.com"]
[Date "2024.01.09"]
[Round "1"]
[White "Antunes, Luciano Justi"]
[Black "Rogov, Matfey"]
[Result "0-1"]
[Board "225"]
[TimeControl "180+1"]
[WhiteFideId "2126893"]
[BlackFideId "44191308"]
[WhiteElo "2111"]
[BlackElo "2568"]
[WhiteTeam "BRA"]
[BlackTeam "RUS"]
[WhiteClock "0:00:31"]
[BlackClock "0:00:05"]

1. d4 e6 2. e4 d5 3. Nc3 Nf6 4. e5 Nfd7 5. f4 c5 6. Nf3 Nc6 7. Be3 Be7 8. Qd2 O-O 9. dxc5 Qa5 10. Bd3 Bxc5 11. Bxc5 Nxc5 12. Bxh7+ Kxh7 13. Ng5+ Kg8 14. O-O-O d4 15. Qe2 g6 16. Nce4 Nxe4 17. Nxe4 Qxa2 18. Nf6+ Kg7 19. h4 Qa1+ 20. Kd2 Qa5+ 21. Kc1 Nb4 22. h5 d3 23. hxg6 dxe2 24. Rh7+ Kxg6 25. Rdh1 e1=Q+ 26. Rxe1 Nd3+ 0-1

[Event "January 9 Late 2024"]
[Site "https://www.chess.com"]
[Date "2024.01.09"]
[Round "1"]
[White "Potapova, Margarita"]
[Black "Van Baar, Esper"]
[Result "1-0"]
[Board "226"]
[TimeControl "180+1"]
[WhiteFideId "14126869"]
[BlackFideId "1049321"]
[WhiteElo "2567"]
[BlackElo "2107"]
[WhiteTeam "RUS"]
[BlackTeam "NED"]
[WhiteClock "0:01:52"]
[BlackClock "0:00:49"]

1. e4 c6 2. Nc3 d5 3. Nf3 dxe4 4. Nxe4 Nf6 5. Qe2 Nxe4 6. Qxe4 Qa5 7. b4 Qf5 8. Qe3 Qe6 9. Bb2 Qxe3+ 10. fxe3 Bf5 11. O-O-O Nd7 12. Be2 O-O-O 13. Rhf1 Bg4 14. h3 Bxf3 15. Rxf3 f6 16. d4 e5 17. dxe5 Nxe5 18. Bxe5 fxe5 19. Rxd8+ Kxd8 20. Rf7 Bxb4 21. Rxb7 Bc5 22. Rb8+ 1-0

[Event "January 9 Late 2024"]
[Site "https://www.chess.com"]
[Date "2024.01.09"]
[Round "1"]
[White "Curtis, John"]
[Black "Tabuenca Mendataurigoitia, Daniel"]
[Result "0-1"]
[Board "227"]
[TimeControl "180+1"]
[WhiteFideId "3200256"]
[BlackFideId "24563617"]
[WhiteElo "2107"]
[BlackElo "2566"]
[WhiteTeam "AUS"]
[BlackTeam "ESP"]
[WhiteClock "0:00:00"]
[BlackClock "0:00:51"]

1. d4 d6 2. Bf4 g6 3. c3 Nf6 4. Nd2 Bg7 5. h3 O-O 6. e3 c5 7. Ngf3 Nc6 8. Be2 Be6 9. a3 Qb6 10. b4 Nd5 11. dxc5 dxc5 12. Nc4 Bxc3+ 13. Nfd2 Qd8 14. Bh6 Re8 15. b5 Ne5 16. O-O Nxc4 17. Nxc4 Bxa1 18. Qxa1 Nf6 19. Rd1 Qc7 20. Bf4 Qc8 21. g4 Rd8 22. Rc1 Bxc4 23. Bxc4 b6 24. Bh6 Rd6 25. Qe5 Qc7 0-1

[Event "January 9 Late 2024"]
[Site "https://www.chess.com"]
[Date "2024.01.09"]
[Round "1"]
[White "Pham, Le Thao Nguyen"]
[Black "Ghosh, Chanchal Kumer"]
[Result "1-0"]
[Board "228"]
[TimeControl "180+1"]
[WhiteFideId "12401226"]
[BlackFideId "10201858"]
[WhiteElo "2565"]
[BlackElo "2106"]
[WhiteTeam "VIE"]
[BlackTeam "BAN"]
[WhiteClock "0:00:10"]
[BlackClock "0:00:00"]

1. d4 d5 2. c4 e6 3. Nc3 Nf6 4. Bg5 Be7 5. e3 O-O 6. Qc2 h6 7. Bh4 b6 8. Bxf6 Bxf6 9. Nf3 Bb7 10. Rd1 Nd7 11. cxd5 exd5 12. Be2 a6 13. O-O Re8 14. Rd2 Qe7 15. Rc1 Rac8 16. Qd1 g6 17. a3 Kg7 18. b4 a5 19. bxa5 bxa5 20. a4 c5 21. dxc5 Nxc5 22. Bb5 Red8 23. Nxd5 Bxd5 24. Rxd5 Ne4 25. Rxd8 Rxd8 26. Qe1 Qa3 27. h3 Bc3 28. Qf1 Bb4 29. Rd1 Rc8 30. Qd3 Qxd3 31. Bxd3 Nf6 32. Nd4 Rc7 33. g4 Rd7 34. Rc1 Re7 35. Rc8 Nd5 36. Bc4 1-0

[Event "January 9 Late 2024"]
[Site "https://www.chess.com"]
[Date "2024.01.09"]
[Round "1"]
[White "Yushko, Olga"]
[Black "Hajiyev, Kanan"]
[Result "0-1"]
[Board "229"]
[TimeControl "180+1"]
[WhiteFideId "14114500"]
[BlackFideId "13404148"]
[WhiteElo "2104"]
[BlackElo "2563"]
[WhiteTeam "UKR"]
[BlackTeam "AZE"]
[WhiteClock "0:00:00"]
[BlackClock "0:00:12"]

1. d4 d5 2. c4 c6 3. cxd5 cxd5 4. Nc3 Nf6 5. Nf3 a6 6. Bf4 Nc6 7. e3 Bg4 8. Bd3 e6 9. O-O Bd6 10. Bg5 O-O 11. Na4 Qc7 12. h3 Bh5 13. Bxf6 gxf6 14. Rc1 Kh8 15. Bb1 Rg8 16. Nc5 Rg7 17. Kh1 Rag8 18. Qc2 Bxc5 19. dxc5 Bg6 20. Qe2 Bxb1 21. Rxb1 Rxg2 22. Rg1 R2g6 23. Rxg6 hxg6 24. Rg1 Kg7 25. Kg2 Rh8 26. Rh1 Ne5 27. Nxe5 fxe5 28. b4 Qc6 29. Qf3 Rh4 30. Qg3 Rh5 31. Rd1 Kf6 32. Qf3+ Rf5 33. Qg4 Rg5 34. Kg3 Rxg4+ 35. hxg4 Qa4 36. Rb1 Qxa2 37. Rc1 Qb2 0-1

[Event "January 9 Late 2024"]
[Site "https://www.chess.com"]
[Date "2024.01.09"]
[Round "1"]
[White "Aggelis, Nikolaos"]
[Black "Dahlgren, James Allen"]
[Result "0-1"]
[Board "230"]
[TimeControl "180+1"]
[WhiteFideId "4213220"]
[BlackFideId "22256873"]
[WhiteElo "2562"]
[BlackElo "2102"]
[WhiteTeam "GRE"]
[BlackTeam "ESP"]
[WhiteClock "0:00:00"]
[BlackClock "0:00:04"]

1. Nf3 e6 2. g3 c5 3. Bg2 d5 4. O-O Nf6 5. d4 Be7 6. c4 O-O 7. cxd5 exd5 8. dxc5 Bxc5 9. a3 Be6 10. b4 Be7 11. Bb2 Nc6 12. Nc3 Rc8 13. Rc1 h6 14. Na4 Ne4 15. Nd4 Nxd4 16. Bxd4 b6 17. Bb2 Bf6 18. Bxf6 Qxf6 19. Qd3 Rxc1 20. Rxc1 Qxf2+ 21. Kh1 Rc8 22. Rxc8+ Bxc8 23. Qf3 Qe1+ 24. Qf1 Qd2 25. Bxe4 dxe4 26. Qf4 Qe1+ 27. Kg2 Qxe2+ 28. Kg1 Qd1+ 29. Kg2 Qxa4 30. Qxe4 Qd7 31. Kg1 Bb7 32. Qe3 Kh7 33. h4 Qc6 34. Kf2 Qg2+ 35. Ke1 Qf3 36. Qe5 g6 37. Qc7 Qe4+ 38. Kf2 Qd5 39. Ke1 Kg7 40. Kf2 a5 41. Qc3+ Kh7 42. bxa5 bxa5 0-1

[Event "January 9 Late 2024"]
[Site "https://www.chess.com"]
[Date "2024.01.09"]
[Round "1"]
[White "De Souza, Arthur Olintho"]
[Black "Ferreira, Vitor Hugo Vieira"]
[Result "1-0"]
[Board "231"]
[TimeControl "180+1"]
[WhiteFideId "2116200"]
[BlackFideId "2119765"]
[WhiteElo "2079"]
[BlackElo "2559"]
[WhiteTeam "BRA"]
[BlackTeam "BRA"]
[WhiteClock "0:00:41"]
[BlackClock "0:00:00"]

1. e4 c5 2. Nc3 e6 3. Nge2 a6 4. a4 Nc6 5. g3 d5 6. exd5 exd5 7. d4 Nf6 8. Bg2 Bg4 9. dxc5 Bxc5 10. O-O O-O 11. h3 Be6 12. Nf4 d4 13. Ne4 Nxe4 14. Bxe4 Bd7 15. Qh5 f5 16. Bd5+ Rf7 17. Qxf7+ Kh8 18. Nh5 Qe7 19. Qxe7 Nxe7 20. Bxb7 Ra7 21. Bg2 g6 22. Nf6 Bc8 23. c3 Kg7 24. Nd5 Nc6 25. b4 Bf8 26. cxd4 Nxd4 27. Be3 Nc2 28. Rac1 Nxe3 29. fxe3 Bd7 30. Rc7 Rxc7 31. Nxc7 Bxb4 32. Nxa6 Bd2 33. Kf2 Bxa4 34. Nc5 Bb5 35. Rd1 Bb4 36. Ne6+ Kf6 37. Rb1 Bd3 38. Rxb4 Kxe6 39. Rb7 h5 40. Rb6+ Kf7 41. Bd5+ Kg7 42. Kf3 g5 43. Be6 Be4+ 44. Kf2 Kf6 45. Bd5+ Ke5 46. Bxe4 Kxe4 47. Rg6 g4 48. h4 f4 49. exf4 Kf5 50. Rg5+ Kf6 51. Rxh5 Kf7 52. Rg5 Kf6 53. h5 Kf7 54. h6 Ke6 55. h7 Kf7 56. h8=Q Ke6 57. Qh6+ 1-0

[Event "January 9 Late 2024"]
[Site "https://www.chess.com"]
[Date "2024.01.10"]
[Round "1"]
[White "Przybylski, Wojciech"]
[Black "Mena, Martin"]
[Result "0-1"]
[Board "232"]
[TimeControl "180+1"]
[WhiteFideId "1117599"]
[BlackFideId "10651225"]
[WhiteElo "2558"]
[BlackElo "2075"]
[WhiteTeam "POL"]
[BlackTeam "EGY"]
[WhiteClock "0:00:05"]
[BlackClock "0:00:01"]

1. d4 d5 2. g3 Nf6 3. Bg2 e6 4. Nf3 Be7 5. O-O O-O 6. a4 b6 7. Re1 Bb7 8. Nbd2 a5 9. Ne5 Nbd7 10. c4 c5 11. e3 Qc7 12. f4 Rfd8 13. b3 Nxe5 14. fxe5 Ne4 15. Bb2 Nxd2 16. Qxd2 dxc4 17. Bxb7 c3 18. Bxc3 Qxb7 19. Rf1 Bg5 20. Qf2 Rd7 21. h4 Bh6 22. Qf3 Qd5 23. g4 Bxe3+ 24. Qxe3 cxd4 25. Bxd4 Qxd4 26. Qxd4 Rxd4 27. Rad1 Rxg4+ 28. Kf2 Rf4+ 29. Ke3 Rxf1 30. Rxf1 g6 31. Rc1 Rb8 32. Rc7 b5 33. Ra7 bxa4 34. bxa4 Rb3+ 35. Kd2 Rb4 36. Rxa5 Rxh4 37. Kc3 Re4 38. Kb3 h5 39. Rb5 h4 40. Rc5 h3 41. a5 h2 42. Rc1 Rxe5 43. Kb4 Rh5 44. Rh1 g5 45. a6 Kg7 46. a7 Rh8 47. Rxh2 Ra8 48. Ra2 g4 49. Kb5 f5 50. Kc6 f4 51. Kd6 g3 52. Ke5 f3 53. Kf4 f2 54. Ra1 g2 55. Kg3 f1=Q 56. Ra4 g1=Q+ 57. Kh4 Qh1+ 58. Kg5 Qf5# 0-1

[Event "January 9 Late 2024"]
[Site "https://www.chess.com"]
[Date "2024.01.10"]
[Round "1"]
[White "Keuchel, Destynn"]
[Black "Kandil, Ahmed"]
[Result "0-1"]
[Board "233"]
[TimeControl "180+1"]
[WhiteFideId "30923018"]
[BlackFideId "10628401"]
[WhiteElo "2060"]
[BlackElo "2558"]
[WhiteTeam "USA"]
[BlackTeam "EGY"]
[WhiteClock "0:02:42"]
[BlackClock "0:02:17"]

1. e4 e5 2. Nf3 Nc6 3. Bc4 Nf6 4. Ng5 d5 5. exd5 Na5 6. d3 h6 7. Nf3 e4 8. Qe2 Nxc4 9. dxc4 Be7 10. Nfd2 O-O 11. O-O Bd6 12. Nxe4 Nxe4 13. Qxe4 Bd7 14. Bf4 Re8 15. Qf3 Qf6 16. Bxd6 Qxb2 17. Qc3 Qxc3 18. Nxc3 cxd6 19. Rfe1 Rec8 20. Rab1 Rxc4 21. Rxb7 Rxc3 22. Rxd7 Rxc2 23. Rxd6 Rxa2 24. Rd7 Rd2 25. Ree7 Rd1+ 0-1

[Event "January 9 Late 2024"]
[Site "https://www.chess.com"]
[Date "2024.01.09"]
[Round "1"]
[White "Mendez Fortes, Eduardo Jesus"]
[Black "Dias, Joao Batista"]
[Result "0-1"]
[Board "234"]
[TimeControl "180+1"]
[WhiteFideId "3502376"]
[BlackFideId "2108240"]
[WhiteElo "2557"]
[BlackElo "2043"]
[WhiteTeam "CUB"]
[BlackTeam "BRA"]
[WhiteClock "0:01:06"]
[BlackClock "0:00:19"]

1. e4 e5 2. Nf3 Nc6 3. Bb5 d6 4. c3 Nf6 5. O-O Bg4 6. d3 Be7 7. h3 Bh5 8. Re1 O-O 9. Nbd2 h6 10. Nf1 Qc8 11. Ng3 Bg6 12. Nh4 Bh7 13. Nhf5 Bd8 14. Bxc6 bxc6 15. Qf3 Qe6 16. d4 exd4 17. cxd4 Bxf5 18. Nxf5 Re8 19. Bxh6 g6 20. Ng3 Nh7 21. Bd2 Bg5 22. Bc3 Bf6 23. d5 Qe7 24. dxc6 Bxc3 25. Qxc3 Rab8 26. f4 Qh4 27. Rf1 Rb5 28. f5 Rc5 29. Qf3 g5 30. f6 Re6 31. Nf5 Qxe4 32. Nh6+ Kf8 33. Qh5 Qg6 34. Qxg6 fxg6 35. Ng4 Rxc6 36. Rac1 Rxc1 37. Rxc1 c5 38. Rf1 Kf7 39. Nh6+ Kf8 40. Ng4 Kf7 41. Nh6+ Kf8 42. f7 Kg7 43. Ng8 Nf8 44. Rf2 a5 45. b3 d5 46. Rd2 d4 47. Kf2 Re5 48. Kf3 Rf5+ 49. Ke4 Rxf7 50. Kd5 Rf5+ 51. Kc4 Kxg8 52. Kb5 Nd7 53. Kxa5 Kf7 54. Kb5 Ke6 55. Kc6 Nf6 56. a4 Ne4 57. Ra2 Nc3 58. Ra1 d3 59. a5 d2 60. a6 d1=Q 61. Rxd1 Nxd1 62. a7 Rf8 63. Kxc5 Kd7 64. Kb6 Nc3 65. b4 Nd5+ 66. Kc5 Nxb4 67. Kxb4 Kc6 68. Kc4 Kb7 69. Kd4 Kxa7 70. Ke5 Kb7 71. Ke4 Kc7 72. g3 Kd6 73. h4 gxh4 74. gxh4 Ke6 75. Ke3 Rf5 76. Ke4 Kf6 77. Ke3 Kg7 78. Ke4 Kh6 79. Ke3 Kh5 80. Ke2 Kxh4 81. Ke3 Kh3 82. Ke2 g5 83. Kd3 Rf8 84. Ke3 g4 85. Ke2 g3 86. Kd2 g2 87. Kd3 g1=Q 88. Ke2 Qe1+ 89. Kxe1 Rc8 90. Kd2 Kg3 91. Ke3 Rc5 92. Kd4 Rf5 93. Ke4 Rf4+ 94. Ke5 Kg4 95. Kd5 Kf5 96. Kc5 Re4 97. Kd5 Kf4 98. Kd6 Kf5 99. Kd5 Re1 100. Kd4 Kf4 101. Kd5 Re2 102. Kd4 Rd2+ 103. Kc5 Rd8 104. Kc4 Ke5 105. Kc5 Rc8+ 106. Kb4 Kd4 107. Kb5 Rc7 108. Kb6 Rc1 109. Kb5 Rc2 110. Kb6 Kd5 111. Kb7 Kd6 112. Ka6 Rb2 113. Ka5 Kc5 114. Ka4 Rb8 115. Ka3 Kc4 116. Ka2 Kc3 117. Ka3 Ra8# 0-1

[Event "January 9 Late 2024"]
[Site "https://www.chess.com"]
[Date "2024.01.09"]
[Round "1"]
[White "Panico, Nick"]
[Black "Maltsevskaya, Aleksandra"]
[Result "0-1"]
[Board "235"]
[TimeControl "180+1"]
[WhiteFideId "2026724"]
[BlackFideId "24174041"]
[WhiteElo "2035"]
[BlackElo "2557"]
[WhiteTeam "USA"]
[BlackTeam "POL"]
[WhiteClock "0:00:26"]
[BlackClock "0:00:03"]

1. d4 Nf6 2. Bf4 g6 3. e3 d6 4. Nf3 Bg7 5. h3 O-O 6. Be2 b6 7. O-O Bb7 8. a4 a6 9. c3 Nbd7 10. Nbd2 Ne4 11. Nxe4 Bxe4 12. Nd2 Bb7 13. Bf3 Bxf3 14. Nxf3 e5 15. Bh2 Qe7 16. Re1 h5 17. Qb3 Rfe8 18. Rad1 Kh7 19. Qd5 Rab8 20. Qc6 Nf8 21. dxe5 dxe5 22. Rd2 b5 23. axb5 axb5 24. Red1 b4 25. c4 Rbd8 26. Rxd8 Rxd8 27. Rxd8 Qxd8 28. Qd5 Qxd5 29. cxd5 Nd7 30. Kf1 Kg8 31. Ke2 e4 32. Nd4 Bxd4 33. exd4 Nb6 34. Bxc7 Nxd5 35. Bd6 f6 36. Kd2 Kf7 37. Kc2 Ke6 38. Bf8 e3 39. fxe3 Nxe3+ 40. Kb3 Nxg2 41. Kxb4 Kd5 42. Kc3 Nf4 43. h4 Ne2+ 44. Kd3 Nxd4 45. Be7 f5 46. Bf6 Ne6 47. Ke3 Nc5 48. Kf4 Ke6 49. Bd4 Nd3+ 50. Kg5 Kf7 51. b3 f4 52. b4 f3 53. b5 f2 54. Bxf2 Nxf2 55. b6 Ne4+ 56. Kf4 Nc5 57. Ke5 Nd7+ 58. Kd6 Nxb6 59. Ke5 Nd7+ 60. Kf4 Kf6 61. Kf3 Kf5 62. Kg3 Ne5 63. Kh3 Kf4 64. Kg2 Kg4 65. Kh2 Kxh4 66. Kg2 Kg4 67. Kh2 h4 68. Kg2 h3+ 69. Kh2 Kh4 70. Kg1 g5 71. Kh2 g4 72. Kg1 g3 73. Kh1 Ng6 74. Kg1 Kg4 75. Kh1 Nh4 76. Kg1 Nf3+ 77. Kf1 g2+ 78. Ke2 g1=Q 79. Kd3 h2 80. Ke4 Qd4# 0-1

[Event "January 9 Late 2024"]
[Site "https://www.chess.com"]
[Date "2024.01.09"]
[Round "1"]
[White "Tan, Ralph"]
[Black "Fareh, Youness"]
[Result "1-0"]
[Board "236"]
[TimeControl "180+1"]
[WhiteFideId "30966590"]
[BlackFideId "9000526"]
[WhiteElo "2556"]
[BlackElo "2027"]
[WhiteTeam "USA"]
[BlackTeam "MAR"]
[WhiteClock "0:02:00"]
[BlackClock "0:01:00"]

1. e4 c5 2. Nf3 e6 3. c3 Nf6 4. e5 Nd5 5. d4 d6 6. Bb5+ Nc6 7. O-O a6 8. Bxc6+ bxc6 9. dxc5 dxc5 10. Nbd2 Be7 11. Ne4 O-O 12. Qe2 Qb6 13. Rd1 Rb8 14. c4 f5 15. exf6 Nxf6 16. Neg5 Rd8 17. Rxd8+ Qxd8 18. Nxe6 Bxe6 19. Qxe6+ Kh8 20. Bf4 Rxb2 21. Ng5 Qd4 22. Nf7+ Kg8 23. Nh6+ Kh8 24. Qg8+ Nxg8 25. Nf7# 1-0

[Event "January 9 Late 2024"]
[Site "https://www.chess.com"]
[Date "2024.01.09"]
[Round "1"]
[White "Reinecke, Katharina"]
[Black "Baltag, Iulian"]
[Result "0-1"]
[Board "237"]
[TimeControl "180+1"]
[WhiteFideId "12929727"]
[BlackFideId "13901419"]
[WhiteElo "2026"]
[BlackElo "2556"]
[WhiteTeam "GER"]
[BlackTeam "MDA"]
[WhiteClock "0:00:16"]
[BlackClock "0:00:35"]

1. e4 c5 2. Nf3 Nc6 3. Bb5 Nf6 4. Bxc6 dxc6 5. d3 Qc7 6. O-O e5 7. Be3 h6 8. h3 Be6 9. Nc3 Nd7 10. Ne2 g5 11. c3 O-O-O 12. Qc2 f6 13. d4 h5 14. dxe5 g4 15. Nh4 gxh3 16. g3 Nxe5 17. Nf4 Bf7 18. Nxh3 Bd6 19. Rad1 Ng4 20. Bf4 Be5 21. Rxd8+ Rxd8 22. Rd1 Rg8 23. Qd3 Be6 24. Nf5 Bxf5 25. exf5 h4 26. Bxe5 Nxe5 27. Qe3 hxg3 28. fxg3 b6 29. Kg2 Kb7 30. Nf2 Nc4 31. Qf4 Qxf4 0-1

[Event "January 9 Late 2024"]
[Site "https://www.chess.com"]
[Date "2024.01.09"]
[Round "1"]
[White "Silva, Kaua Marques"]
[Black "Bongo Akanga Ndjila, Barthelemy"]
[Result "1-0"]
[Board "238"]
[TimeControl "180+1"]
[WhiteFideId "22701168"]
[BlackFideId "10609431"]
[WhiteElo "2555"]
[BlackElo "2023"]
[WhiteTeam "BRA"]
[BlackTeam "GAB"]
[WhiteClock "0:00:07"]
[BlackClock "0:00:06"]

1. e4 c6 2. d4 d5 3. e5 Bf5 4. h4 h5 5. Bd3 Bxd3 6. Qxd3 e6 7. Nf3 Qa5+ 8. Nbd2 Qa6 9. c4 Nd7 10. O-O Ne7 11. b3 Nf5 12. a4 Bb4 13. Bb2 Bxd2 14. Nxd2 Nxh4 15. Ba3 Nf5 16. Nf3 dxc4 17. bxc4 Nb6 18. Rac1 Qxa4 19. Ng5 g6 20. Ne4 O-O-O 21. Bd6 Qa6 22. Nc5 Qa2 23. Ne4 Qb2 24. Rfd1 h4 25. Rb1 Qa2 26. Rdc1 h3 27. g4 h2+ 28. Kh1 Nh4 29. Ra1 Qb2 30. Rcb1 Qxa1 31. Rxa1 g5 32. c5 Nd5 33. Rxa7 Ng6 34. Qb3 b5 35. Qa3 Rd7 36. Qa6+ Kd8 37. Ra8# 1-0

[Event "January 9 Late 2024"]
[Site "https://www.chess.com"]
[Date "2024.01.09"]
[Round "1"]
[White "Winkels, Marcel"]
[Black "Leenhouts, Koen"]
[Result "0-1"]
[Board "239"]
[TimeControl "180+1"]
[WhiteFideId "1003887"]
[BlackFideId "1008439"]
[WhiteElo "2003"]
[BlackElo "2554"]
[WhiteTeam "NED"]
[BlackTeam "NED"]
[WhiteClock "0:00:00"]
[BlackClock "0:02:16"]

1. e4 e5 2. Nf3 d6 3. d4 exd4 4. Nxd4 Nf6 5. Nc3 Be7 6. f3 O-O 7. Be3 d5 8. e5 c5 9. exf6 Bxf6 10. Nb3 d4 11. Ne4 dxe3 12. Qxd8 Bxd8 13. Nbxc5 b6 14. Bc4 bxc5 15. Bd5 Nc6 16. Bxc6 Rb8 17. O-O-O Be7 18. Rhe1 f5 19. Nd6 Be6 20. Kb1 f4 21. b3 Rb6 0-1

[Event "January 9 Late 2024"]
[Site "https://www.chess.com"]
[Date "2024.01.09"]
[Round "1"]
[White "Grutter, Tim"]
[Black "Nicula, Marius"]
[Result "1-0"]
[Board "240"]
[TimeControl "180+1"]
[WhiteFideId "1057472"]
[BlackFideId "1203096"]
[WhiteElo "2554"]
[BlackElo "2002"]
[WhiteTeam "NED"]
[BlackTeam "CAN"]
[WhiteClock "0:01:30"]
[BlackClock "0:00:12"]

1. Nf3 g6 2. g3 Bg7 3. Bg2 Nf6 4. O-O O-O 5. c4 c6 6. d4 d5 7. Qb3 a5 8. cxd5 cxd5 9. Nc3 Nc6 10. Nb5 a4 11. Qd1 Bf5 12. Bf4 Be4 13. Nc3 Bxf3 14. Bxf3 e6 15. Rc1 Qb6 16. Bd6 Rfd8 17. Bc5 Qxb2 18. Rc2 Qxc2 19. Qxc2 Nd7 20. e3 Rdc8 21. Nxa4 Nb4 22. Qb3 Nxc5 23. Nxc5 Nxa2 24. Ra1 b6 25. Qxb6 Rab8 26. Qxb8 Rxb8 27. Rxa2 1-0